 Dungeon Crawl Stone Soup version 0.23-a0-407-g92528d7 (webtiles) character file.

28 MisterFreud the Skirmisher (level 2, -6/29 HPs)
             Began as a Minotaur Abyssal Knight on Nov 7, 2018.
             Was a Follower of Lugonu.
             Mangled by Sigmund
             ... wielding a +0 scythe
              (10 damage)
             ... on level 2 of the Dungeon.
             The game lasted 00:01:38 (765 turns).

MisterFreud the Skirmisher (Minotaur Abyssal Knight) Turns: 765, Time: 00:01:39

Health: -6/29      AC:  3    Str: 16    XL:     2   Next: 96%
Magic:  2/2        EV: 11    Int:  9    God:    Lugonu [*.....]
Gold:   31         SH:  0    Dex: 11    Spells: 1/1 levels left

rFire    . . .     SeeInvis .   a - +1 falchion
rCold    . . .     Gourm    .   (no shield)
rNeg     . . .     Faith    .   b - +0 leather armour
rPois    .         Spirit   .   (helmet restricted)
rElec    .         Reflect  .   (no cloak)
rCorr    .         Harm     .   (no gloves)
MR       .....                  (no boots)
Stlth    +.........             (no amulet)
HPRegen  0.09/turn              (no ring)
MPRegen  0.08/turn              (no ring)

@: confused, flying
A: retaliatory headbutt, horns 2, agile 1, blurry vision 1
a: Depart the Abyss, Renounce Religion


You were on level 2 of the Dungeon.
You worshipped Lugonu.
Lugonu was aware of your devotion.
You were not hungry.

You visited 1 branch of the dungeon, and saw 2 of its levels.
You visited the Abyss 1 time.

You collected 31 gold pieces.

Inventory:

Hand Weapons
 a - a +1 falchion (weapon)
Missiles
 d - 16 sling bullets
 j - 8 tomahawks (quivered)
Armour
 b - a +0 leather armour (worn)
Potions
 e - a potion of flight
Comestibles
 c - 2 rations


   Skills:
 + Level 5.1 Fighting
 - Level 2.4 Long Blades
 - Level 2.4 Armour
 - Level 1.1 Dodging
 - Level 1.7 Invocations


You had one spell level left.
You didn't know any spells.
Your spell library was empty.

Dungeon Overview and Level Annotations

Branches:
Dungeon (2/15)

Altars:

Annotations:
D:2 Sigmund


Innate Abilities, Weirdness & Mutations

You reflexively headbutt those who attack you in melee.
You have a pair of horns on your head.
You are agile. (Dex +2)
Scrolls take you a little longer to read.


Message History

You feel very buoyant.
You fly up into the air.
It was a potion of mutation.
You feel extremely strange.
Your vision blurs.
You feel agile. The worm misses you.
You riposte.
You slash the worm!
The worm is heavily wounded.
It was a potion of curing.
You feel better.
A puff of flame appears from out of thin air!
The puff of flame hits you!
You hit the worm.
The worm is severely wounded.
The worm bites you but does no damage.
You hear some strange, mumbled words.
You are confused.
You hit the worm but do no damage. Your headbutt misses the worm.
The worm is severely wounded.
The worm bites you.
* * * LOW HITPOINT WARNING * * *
You bump into the rock wall.
Something hits you!
You die...

### ### ### #<#
#.#####.# ##.#
#.......# .†.#
#.#####@# #.## #.#
#.w...... †.# #####†#
########+
..####...@.##########
..#........#........#
..........##........#
..........##........#
.....)....##$.......#
...................!#


You could see a worm.

Vanquished Creatures
  A dart slug (D:2)
  2 leopard geckos (D:1)
  3 giant cockroaches (D:1)
  2 goblins (D:1)
  5 hobgoblins
  2 quokkas (D:2)
  A frilled lizard (D:1)
  2 kobolds (D:1)
  2 rats (D:1)
20 creatures vanquished.

Notes
Turn   | Place    | Note
-------+----------+-------------------------------------------
     0 | Abyss:1  | MisterFreud the Minotaur Abyssal Knight began the quest for
                  | the Orb.
     0 | Abyss:1  | Reached XP level 1. HP: 19/19 MP: 1/1
    49 | Abyss:1  | Noticed a neqoxec
    50 | D:1      | Escaped the Abyss
    70 | D:1      | Reached * piety under Lugonu
    74 | D:1      | Reached skill level 4 in Fighting
   246 | D:1      | Reached XP level 2. HP: 26/28 MP: 2/2
   728 | D:2      | Reached skill level 5 in Fighting
   741 | D:2      | Noticed Sigmund
   761 | D:2      | Gained mutation: Scrolls take you a little longer to read.
                  | [potion of mutation]
   761 | D:2      | Gained mutation: You are agile. (Dex +2) [potion of
                  | mutation]
   765 | D:2      | Mangled by Sigmund

Vault maps used:
D:1:      minmay_arrival_plants_in_alcoves, dk_noncrumbling_2
D:2:      minmay_kobold_bridge, overflow_temple_1_default, first_ration,
          uniq_sigmund

Skill      XL: |  1  2 |
---------------+-------+-----
Fighting       | 4 5 |  5.1
Long Blades    | |  2.4
Armour         | |  2.4
Dodging        | |  1.1
Invocations    | |  1.7

Action                   || total
-------------------------++-------
Melee: Falchion          ||    33
       Headbutt          ||     3
Invok: Depart the Abyss  ||     1
  Use: Potion            ||     3
       Scroll            ||     2
Armor: Leather armour    ||     8
Dodge: Dodged            ||    19
       Rpst.: Falchion   ||     4

Table legend:
 A = Non-vault XP
 B = Vault XP
 C = Vault XP percentage of total XP
 D = Non-vault monster count
 E = Vault monster count
 F = Vault count percentage of total count
                 A         B        C        D         E       F
            +---------+---------+-------+---------+---------+-------
      Total |      40 |       0 |   0.0 |      20 |       0 |   0.0
            +---------+---------+-------+---------+---------+-------
        D:1 |      28 |       0 |   0.0 |      15 |       0 |   0.0
        D:2 |      12 |       0 |   0.0 |       5 |       0 |   0.0
            +---------+---------+-------+---------+---------+-------
